 Dungeon Crawl Stone Soup version 0.30.1 (webtiles) character file.

Game seed: 13667739771484206590

27 javelincjr the Caller (level 3, -1/25 HPs)
             Began as a Gnoll Summoner on July 11, 2023.
             Slain by a goblin
             ... wielding a +0 club
              (3 damage)
             ... on level 1 of the Dungeon.
             The game lasted 00:02:39 (584 turns).

javelincjr the Caller (Gnoll Summoner)               Turns: 584, Time: 00:02:40

Health: -1/25      AC:  2    Str:  7    XL:     3   Next: 10%
Magic:  7/9        EV: 13    Int: 16    God:
Gold:   12         SH:  0    Dex: 12    Spells: 11/12 levels left

rFire   . . .        c - +0 dagger
rCold   . . .        (no shield)
rNeg    . . .        a - +0 robe
rPois   .            (no helmet)
rElec   .            (no cloak)
rCorr   .            (no gloves)
SInv    .            (no boots)
Will    .....        (no amulet)
Stlth   ++           (no ring)
HPRegen 0.24/turn    (no ring)
MPRegen 0.11/turn

%: no passive effects
@: hasted, very quick
A: fangs 1, strong nose, distributed training
a: no special abilities


You were on level 1 of the Dungeon.
You visited 1 branch of the dungeon, and saw 1 of its levels.

You collected 12 gold pieces.

Inventory:

Hand Weapons
 c - a +0 dagger (weapon)
Armour
 a - a +0 robe (worn)
Scrolls
 d - a scroll of vulnerability {unknown}
 f - a scroll of enchant weapon {unknown}
 g - a scroll of identify {unknown}
Potions
 b - a potion of magic
 h - a potion of attraction {unknown}


   Skills:
 + Level 0.6 Fighting
 + Level 0.6 Short Blades
 + Level 0.6 Long Blades
 + Level 0.6 Axes
 + Level 0.6 Maces & Flails
 + Level 0.6 Polearms
 + Level 0.6 Staves
 + Level 0.6 Ranged Weapons
 + Level 0.6 Throwing
 + Level 0.6 Armour
 + Level 4.5 Dodging
 + Level 4.1 Stealth
 + Level 0.6 Shields
 + Level 0.6 Unarmed Combat
 + Level 5.0 Spellcasting
 + Level 0.4 Conjurations
 + Level 0.4 Hexes
 + Level 7.1 Summonings
 + Level 0.4 Necromancy
 + Level 0.4 Translocations
 + Level 0.4 Transmutations
 + Level 0.4 Fire Magic
 + Level 0.4 Ice Magic
 + Level 0.4 Air Magic
 + Level 0.4 Earth Magic
 + Level 0.4 Poison Magic
 + Level 0.8 Invocations
 + Level 0.6 Evocations


You had 11 spell levels left.
You knew the following spells:

 Your Spells              Type           Power      Damage    Failure   Level
a - Summon Small Mammal   Summ           100%       N/A       1%          1

Your spell library contained the following spells:

 Spells                   Type           Power      Damage    Failure   Level
 Call Imp                 Summ           52%        N/A       1%          2
 Call Canine Familiar     Summ           26%        N/A       2%          3
 Summon Guardian Golem    Hex/Summ       16%        N/A       10%         3
 Sublimation of Blood     Necr           5%         N/A       19%         2
 Wereblood                Tmut           5%         N/A       19%         2
 Summon Lightning Spire   Summ/Air       16%        N/A       32%         4
 Summon Hydra             Summ           13%        N/A       100%        7


Dungeon Overview and Level Annotations

Branches:
Dungeon (1/15)

Altars:


Innate Abilities, Weirdness & Mutations

You have very sharp teeth.
Your uncanny sense of smell can sniff out nearby items.
Your experience applies equally to all skills.


Message History

The goblin barely misses you.
You barely miss the goblin. The goblin hits you with a +0 club.
You closely miss the goblin. Your bite misses the goblin.
The goblin barely misses you.
You hit the quokka.
The quokka is moderately wounded.
The goblin closely misses you. The quokka bites you.
You closely miss the quokka.
The quokka is moderately wounded.
The goblin hits you with a +0 club. The quokka bites you.
You hit the quokka but do no damage.
The quokka is moderately wounded.
The goblin barely misses you. The quokka misses you.
You hit the quokka but do no damage.
The quokka is moderately wounded.
The ball python bites you. The ball python grabs you.
The ball python constricts you. The goblin closely misses you.
The quokka bites you. The ball python barely misses you.
The ball python constricts you.
You are too injured to fight recklessly!
Casting: Summon Small Mammal (safe; 1% risk of failure)
Confirm with . or Enter, or press ? or * to list all spells.
The goblin hits you with a +0 club. The quokka completely misses you.
The ball python misses you. The ball python constricts you.
* * * LOW HITPOINT WARNING * * *
Casting: Summon Small Mammal (safe; 1% risk of failure)
Confirm with . or Enter, or press ? or * to list all spells.
The quokka bites you but does no damage.
The goblin closely misses you. The ball python bites you.
* * * LOW HITPOINT WARNING * * *
The ball python constricts you.
Your quokka closely misses the quokka.
The quokka bites you.
* * * LOW HITPOINT WARNING * * *
You escape the ball python's grasp.
The goblin attacks as you move away! The goblin hits you with a +0 club.
* * * LOW HITPOINT WARNING * * *
Your quokka misses the quokka.
It was a potion of haste.
You feel yourself speed up. The goblin hits you with a +0 club.
You die...

#.# #.#..##... #.#
.J....... #.#
...l.###.. #(#
......# ### #.#
....#. #..
#.#####>###........
#.. #......S.......
### ##..g## ∆ #..
##.rrr@##### #.#
#..###.....#.# # #
#.. #.......# #.#
#..###..##.... #.#
#.....## #.# #..
##...## . #.. ##.##
### #.# # #.# #


You could see a quokka (ally target), a goblin, a ball python and 2 friendly
quokkas.

Vanquished Creatures
  A dart slug (D:1)
  2 ball pythons (D:1)
  A bat (D:1)
  A goblin (D:1)
  A quokka (D:1)
  2 rats (D:1)
8 creatures vanquished.

Vanquished Creatures (collateral kills)
  2 dart slugs (D:1)
  A ball python (D:1)
  A bat (D:1)
  3 endoplasms (D:1)
  A quokka (D:1)
  A frilled lizard (D:1)
  A goblin (D:1)
  A kobold (D:1)
  A rat (D:1)
12 creatures vanquished.

Grand Total: 20 creatures vanquished

Notes
Turn   | Place    | Note
-------+----------+-------------------------------------------
     0 | D:1      | javelincjr the Gnoll Summoner began the quest for the Orb.
     0 | D:1      | Reached XP level 1. HP: 13/13 MP: 6/6
    71 | D:1      | Reached XP level 2. HP: 8/19 MP: 2/7
   469 | D:1      | Reached skill level 5 in Spellcasting
   469 | D:1      | Reached XP level 3. HP: 25/25 MP: 7/9
   584 | D:1      | Slain by a goblin

Illustrated notes

Levels and vault maps discovered:
D:1:      dpeg_arrival_erosion, layout_loops_ring

Skill      XL: |  1  2 |
---------------+-------+-----
Spellcasting   | 5 |  5.0
Fighting       | |  0.6
Short Blades   | |  0.6
Long Blades    | |  0.6
Axes           | |  0.6
Maces & Flails | |  0.6
Polearms       | |  0.6
Staves         | |  0.6
Ranged Weapons | |  0.6
Throwing       | |  0.6
Armour         | |  0.6
Dodging        | |  4.5
Stealth        | |  4.1
Shields        | |  0.6
Unarmed Combat | |  0.6
Conjurations   | |  0.4
Hexes          | |  0.4
Summonings     | |  7.1
Necromancy     | |  0.4
Translocations | |  0.4
Transmutations | |  0.4
Fire Magic     | |  0.4
Ice Magic      | |  0.4
Air Magic      | |  0.4
Earth Magic    | |  0.4
Poison Magic   | |  0.4
Invocations    | |  0.8
Evocations     | |  0.6

Action                     || total
---------------------------++-------
  Melee: Unarmed           ||    12
         Bite              ||     3
         Dagger            ||    28
   Cast: Summon Small Mamm ||    13
    Use: Potion            ||     1
   Stab: Sleeping          ||     5
 Armour: Robe              ||     5
  Dodge: Dodged            ||    27
